 Dungeon Crawl Stone Soup version 0.28-a0-1199-gef9e1dbd39 (webtiles) character file.

Game seed: 307216640422478654

336 sanka the Slasher (level 6, -2/75 HPs)
             Began as a Palentonga Abyssal Knight on Dec 19, 2021.
             Was a Believer of Lugonu.
             Slain by a gnoll (6 damage)
             ... on level 4 of the Dungeon.
             The game lasted 00:04:42 (3901 turns).

sanka the Slasher (Palentonga Abyssal Knight)       Turns: 3901, Time: 00:04:43

Health: -2/75      AC: 23    Str: 18    XL:     6   Next: 28%
Magic:  6/8        EV:  1    Int: 11    God:    Lugonu [**....]
Gold:   122        SH:  5    Dex: 10    Spells: 5/5 levels left

rFire   . . .      SeeInvis +   (no weapon)
rCold   . . .      Faith    .   (no shield)
rNeg    . . .      Spirit   .   (armour currently unavailable)
rPois   +          Reflect  +   (helmet currently unavailable)
rElec   .          Harm     .   (cloak currently unavailable)
rCorr   .          Rampage  .   (gloves currently unavailable)
Will    .....      NoTele   +   (no barding)
Stlth   +.........              n - amulet of reflection
HPRegen 0.22/turn               (no ring)
MPRegen 0.11/turn               (no ring)

@: tree-form
A: stationary, stasis, torment immunity, boosted hp, large, rugged brown scales
3, see invisible, (deformed body), (roll 1), (armoured tail)
a: Renounce Religion, Depart the Abyss, Bend Space


You were on level 4 of the Dungeon.
You worshipped Lugonu.
Lugonu was pleased with you.
You were a tree.
You visited 1 branch of the dungeon, and saw 4 of its levels.
You visited the Abyss 1 time.

You collected 122 gold pieces.


Innate Abilities, Weirdness & Mutations

You are a tree.
Your roots penetrate the ground, keeping you stationary.
You cannot be teleported.
You are immune to unholy pain and torment.
Your maximum health is greatly increased.
Your equipment is partially melded.
(You are completely covered in rugged brown scales. (AC +3, +7% HP))
You have supernaturally acute eyesight. (SInv)
((Armour fits poorly on your strangely shaped body.))
((You can roll at nearby foes to attack.))
((You have a long armoured tail.))


   Skills:
 - Level 3.0 Fighting
 - Level 6.0 Long Blades
 - Level 1.5 Armour
 - Level 0.7 Dodging
 + Level 3.8 Invocations


You had 5 spell levels left.
You didn't know any spells.
Your spell library contained the following spells:

 Spells                   Type           Power      Damage    Failure   Level
 Shock                    Conj/Air       0%         1d3       34%         1
 Dazzling Flash           Conj/Hex       0%         N/A       71%         3
 Swiftness                Air            0%         N/A       71%         3
 Airstrike                Air            0%         N/A       98%         4
 Iskenderun's Mystic Bla  Conj/Tloc      0%         2d3       98%         4
 Starburst                Conj/Fire      0%         6d3       100%        6

Inventory:

Hand Weapons
 a - a +2 falchion
Armour
 b - a +0 leather armour (melded)
Magical Staves
 j - a staff of death
Jewellery
 d - a ring of positive energy
 n - an amulet of reflection (around neck)
Scrolls
 c - a scroll of teleportation {unknown}
 f - a scroll of enchant weapon
 g - a scroll of fear {unknown}
 h - 2 scrolls of identify {unknown}
 k - a scroll of torment {unknown}
 o - a scroll of noise {unknown}
Potions
 e - a potion of might {unknown}
 i - 3 potions of lignification {!q}
 l - 2 potions of flight {unknown}
 m - a potion of curing {unknown}

Dungeon Overview and Level Annotations

Branches:
Dungeon (4/15)
 Temple: D:4-7

Altars:

Shops:
D:1 (*:   D:2 *(

Annotations:
D:4 Dowan

...................'e.......>....
...▒.▒▒▒▒▒▒▒▒▒▒▒.▒▒▒....▒▒▒▒▒▒▒..
. ▒. ▒.▒ ▒....▒ ▒.. .. ▒.▒ ▒....▒
▒.. ..e ▒.▒ ▒....▒ ▒.. .g.. ...
▒.▒ ▒....▒ ▒e. ..... ....
▒.▒▒▒....▒ ▒.. ..... .....
▒)▒......▒ ▒.. .....
▒♣▒....▒▒▒▒▒▒▒▒▒..
..e..▒▒gg...............
......▒......▒▒.........
.............▒▒.........
▒▒▒▒▒........▒▒.........
▒........▒▒......... ▒[
▒▒▒▒........▒▒......... ▒.▒▒
▒...........▒▒......... ...▒
▒.▒▒▒.......▒▒.........


You could see 2 gnolls.


Message History

The gnoll hits you but does no damage.
You hit Duvessa but do no damage.
Duvessa is almost dead.
Duvessa hits you but does no damage. The gnoll hits you but does no damage.
You block the gnoll's attack.
You hit Duvessa but do no damage.
Duvessa is almost dead.
Duvessa hits you but does no damage. The gnoll hits you but does no damage.
You block the gnoll's attack.
You smack Duvessa!
You kill Duvessa!
Lugonu accepts your kill.
You hear a distant wail of despair.
The gnoll hits you but does no damage. The gnoll hits you but does no damage.
Your Invocations skill increases to level 3!
You have reached level 6!
You hit the gnoll but do no damage.
The gnoll is moderately wounded.
Dowan seems to find hidden reserves of power!
The gnoll hits you but does no damage. You block the gnoll's attack.
Unknown command.
You hit the gnoll.
The gnoll is severely wounded.
Dowan says, "How can I live without her?"
The gnoll hits you with a +0 spear.
You die...

Action                   |  1- 3 |  4- 6 || total
-------------------------+-------+-------++-------
Melee: Falchion          |    91 |    61 ||   152
       Tailslap          |    15 |     8 ||    23
       Unarmed           |       |    14 ||    14
 Abil: Rolling Charge    |       |     3 ||     3
  Use: Scroll            |     1 |       ||     1
       Potion            |       |     1 ||     1
Armor: Leather armour    |    39 |    14 ||    53
       Skin              |       |    27 ||    27
Dodge: Dodged            |    35 |    16 ||    51
Block: Other             |       |    22 ||    22
       Reflection        |       |     1 ||     1

Levels and vault maps discovered:
D:1:      minmay_arrival_three_doors, layout_basic, serial_aquarium,
          aquarium_bridge_square [aquarium_subvault_bridge,
          aquarium_subvault_bridge, aquarium_subvault_wall,
          aquarium_subvault_bridge], aquarium_window_1, aquarium_window_2,
          aquarium_window_fake, aquarium_view_2a, aquarium_view_2c,
          aquarium_pool_five, serial_shops, nicolae_shop_hallway_plus,
          shop_fountains, shop, nicolae_wormholes
D:2:      layout_basic, serial_shops, nicolae_shop_trees, shop,
          minmay_door_square
D:3:      layout_rooms, dreamdust_ecumenical_altar_angels_and_demons,
          grunt_ministairs_10
D:4:      layout_basic, uniq_natasha, uniq_duvessa

Notes
Turn   | Place    | Note
-------+----------+-------------------------------------------
     0 | Abyss:1  | sanka the Palentonga Abyssal Knight began the quest for the
                  | Orb.
     0 | Abyss:1  | Reached XP level 1. HP: 19/19 MP: 2/2
    31 | Abyss:1  | Noticed a tentacled starspawn
    45 | Abyss:1  | Found a corrupted altar of Lugonu.
   100 | D:1      | Escaped the Abyss
   166 | D:1      | Reached XP level 2. HP: 23/25 MP: 3/3
   194 | D:1      | Found Naitid's Assorted Antiques.
   251 | D:1      | Found Valudgh's Book Shoppe.
   272 | D:1      | Reached skill level 3 in Long Blades
   622 | D:1      | Reached XP level 3. HP: 24/31 MP: 4/4
   623 | D:1      | Reached ** piety under Lugonu
   773 | D:1      | Found Zapsewe's Antique Weapon Emporium.
  1435 | D:2      | Found Tako's Weapon Boutique.
  1500 | D:2      | Reached skill level 4 in Long Blades
  1658 | D:2      | Found Wuna's General Store.
  2320 | D:3      | Reached XP level 4. HP: 37/37 MP: 5/5
  2435 | D:3      | Found a faded altar of an unknown god.
  2589 | D:4      | Noticed Natasha
  2695 | D:4      | Killed Natasha
  2696 | D:4      | Reached skill level 5 in Long Blades
  2714 | D:4      | Noticed Natasha
  2893 | D:4      | Noticed Duvessa
  2897 | D:4      | Noticed Dowan
  2906 | D:3      | Killed Natasha
  2907 | D:3      | Reached XP level 5. HP: 6/43 MP: 6/6
  3708 | D:4      | Reached skill level 6 in Long Blades
  3894 | D:4      | HP: 6/64 [Duvessa (1)]
  3895 | D:4      | HP: 2/64 [gnoll (4)]
  3899 | D:4      | Killed Duvessa
  3900 | D:4      | Reached skill level 3 in Invocations
  3900 | D:4      | Reached XP level 6. HP: 4/50 MP: 6/8
  3901 | D:4      | Slain by a gnoll

Vanquished Creatures
  Duvessa (D:4)
  A hound (D:4)
  A jelly (D:4)
  Natasha (twice) (D:4 D:3)
  A gnoll (D:4)
  4 adders
  4 worms
  2 dart slugs
  6 orcs
  8 bats
  2 giant cockroaches
  7 goblins
  5 hobgoblins
  3 kobolds (D:1)
  3 quokkas
  5 ball pythons
  2 frilled lizards (D:1)
  8 rats
65 creatures vanquished.

Vanquished Creatures (others)
  14 starspawn tentacles (Abyss:1)
14 creatures vanquished.

Grand Total: 79 creatures vanquished
